AoeStats
← depardor

Coastal Forest

510788508Analyzed
2v2 RM · 14h ago on Oct 2, 2026· 41m 4s· 4 players
Game mode
Random Map
Map size
Medium (4 player)
Population
200
Speed
Normal
Resources
Standard
Victory
Conquest
Starting age
Dark Age
Ending age
Imperial Age
RankedLock teamsTeams togetherTeam positionsShared explorationLock speedFull tech treeHidden civsTurbo modeCheats
Victory
Defeat
🇬🇧 Persians · United Kingdom
595
+14
🇫🇷 Britons · France
517
+18
🇨🇴 Georgians · Colombia
562
-16
🇨🇴 Goths · Colombia
549
-16
Sebgir
12:53 Feudal Age
13:22 Double-Bit Axe
15:19 Wheelbarrow
15:27 Wheelbarrow
14:59 Stone Mining
18:23 Horse Collar
18:38 Gold Mining
25:08 Town Watch
27:38 Castle Age
31:54 Husbandry
34:07 Forging
34:04 Scale Barding Armor
34:00 Scale Mail Armor
33:33 Pikeman
36:30 Squires
37:03 Chain Barding Armor
37:00 Chain Mail Armor
37:21 Iron Casting
39:38 Fletching
39:48 Padded Archer Armor
deano earlhs
0:45 Loom
10:49 Feudal Age
12:54 Wheelbarrow
12:11 Double-Bit Axe
12:09 Horse Collar
20:09 Castle Age
19:20 Padded Archer Armor
19:11 Fletching
20:02 Crossbowman
21:35 Squires
23:52 Heavy Plow
24:51 Hand Cart
25:39 Pikeman
27:09 Gambesons
cristianfender77
3:09 Loom
15:18 Feudal Age
depardor
0:45 Loom
11:30 Feudal Age
13:00 Wheelbarrow
12:12 Double-Bit Axe
12:25 Town Watch
16:31 Horse Collar
17:57 Scale Barding Armor
18:03 Forging
19:24 Forging
21:07 Bloodlines
24:10 Castle Age
21:43 Man-at-Arms
23:25 Scale Mail Armor
23:25 Gold Mining
25:17 Chain Barding Armor
24:51 Gambesons
25:28 Bow Saw
25:27 Heavy Plow
30:22 Iron Casting
39:20 Hand Cart
38:42 Pikeman
39:23 Squires
39:09 Arson
40:05 Fletching
Connection lost

Rejoining the realm…

Still unreachable

The connection could not be restored.

Session expired

The server has moved on; the page needs a fresh start.